 Dungeon Crawl Stone Soup version 0.19-a0-1899-g2d93087 (webtiles) character file.

1343 PurpleRed the Cleaver (level 8, -8/73 HPs)
             Began as a Minotaur Fighter on Oct 19, 2016.
             Mangled by Prince Ribbit (14 damage)
             ... on level 6 of the Dungeon.
             The game lasted 00:07:37 (4609 turns).

PurpleRed the Cleaver (Minotaur Fighter)            Turns: 4609, Time: 00:07:39

Health: -8/73      AC: 11    Str: 32    XL:     8   Next: 35%
Magic:  7/7        EV:  6    Int:  5    God:
Gold:   343        SH: 10    Dex:  9    Spells: 0 memorised, 7 levels left

rFire  . . .     SeeInvis .     a - +0 war axe
rCold  x . .     Gourm    .     z - +0 chain mail
rNeg   + . .     Faith    .     c - +0 shield
rPois  +         Spirit   .     (helmet restricted)
rElec  .         Reflect  .     (no cloak)
rCorr  +         Harm     +     e - +0 pair of gloves
MR     .....                    (no boots)
Stlth  ..........               k - amulet "Ecoif" {Harm *Drain rPois rC- rN+ Str+5}
                                p - ring of resist corrosion
                                t - +3 ring of strength

@: no status effects
A: retaliatory headbutt, horns 2
a: no special abilities


You were on level 6 of the Dungeon.
You were hungry.

You visited 1 branch of the dungeon, and saw 6 of its levels.
You also visited: Ossuary.

You collected 343 gold pieces.

Inventory:

Hand Weapons
 a - a +0 war axe (weapon)
Armour
 c - a +0 shield (worn)
 e - a +0 pair of gloves (worn)
 z - a +0 chain mail (worn)
Jewellery
 j - an uncursed ring of protection from cold
 k - the amulet "Ecoif" (around neck) {Harm *Drain rPois rC- rN+ Str+5}
   (You found it on level 4 of the Dungeon)

   [amulet of harm]

   It increases damage dealt and taken.
   It affects your strength (+5).
   It makes you vulnerable to cold.
   It protects you from poison.
   It protects you from negative energy.
   It causes draining when unequipped.
 p - a ring of resist corrosion (right hand)
 t - a +3 ring of strength (left hand)
 u - an uncursed ring of positive energy
 y - an uncursed amulet of magic regeneration
Wands
 q - a wand of slowing (40/48)
 x - a wand of paralysis (18/24)
Scrolls
 g - a scroll of recharging
 h - a scroll of fear
 r - 2 scrolls of identify
 B - a scroll of fog {unknown}
Potions
 b - a potion of resistance {unknown}
 d - 3 potions of might
 i - a potion of heal wounds
 l - 6 potions of curing
 m - 3 potions of invisibility
 n - a potion of haste
 s - 3 potions of lignification
 w - 4 potions of flight
Books
 A - a book of Geomancy

   Spells                             Type                      Level
   a - Sandblast                      Earth                        1
   b - Passwall                       Transmutation/Earth          2
   c - Stone Arrow                    Conjuration/Earth            3
   d - Petrify                        Transmutation/Earth          4
   e - Lee's Rapid Deconstruction     Earth                        5
Comestibles
 f - 6 bread rations
 o - 10 fruits
 v - 4 meat rations
 C - 4 chunks of flesh


   Skills:
 + Level 7.6 Fighting
 * Level 9.4 Axes
 + Level 5.9 Armour
 - Level 3.6 Shields


You had 7 spell levels left.
You didn't know any spells.

Dungeon Overview and Level Annotations

Branches:
Dungeon (6/15)
 Temple: D:4-7

Altars:
Ru
Sif Muna

Annotations:
D:6 Prince Ribbit


Innate Abilities, Weirdness & Mutations

You reflexively headbutt those who attack you in melee.
You have a pair of horns on your head.


Message History

Prince Ribbit barely misses you. Prince Ribbit hits you.
* * * LOW HITPOINT WARNING * * *
You are too injured to fight recklessly!
You are too injured to fight recklessly!
You are too injured to fight recklessly!
You are too injured to fight recklessly!
You are too injured to fight recklessly!
You are too injured to fight recklessly!
You are too injured to fight recklessly!
You are too injured to fight recklessly!
You are too injured to fight recklessly!
You are too injured to fight recklessly!
You are too injured to fight recklessly!
You are too injured to fight recklessly!
You miss Prince Ribbit. Your headbutt misses Prince Ribbit.
Prince Ribbit is heavily wounded.
Prince Ribbit hits you!
* * * LOW HITPOINT WARNING * * *
Prince Ribbit hits you!
You die...

.. ?. s# .. .#
...### .###
......##...
#......#
#.#### #.†@.##
####F.##
######..####
...........#
#######.##.###
#...>..####
###.>.....#
#.......#
#.......#


You could see Prince Ribbit.

Vanquished Creatures
  Sigmund (D:2)
  Eustachio (D:6)
  A sky beast (D:5)
  2 ogres
  A centaur (D:6)
  An elf zombie (Ossuary)
  A bullfrog (D:6)
  2 scorpions
  A human zombie (Ossuary)
  A bullfrog skeleton (D:4)
  Ijyb (D:2)
  Natasha (thrice) (D:2)
  An iguana (D:6)
  A worker ant (D:5)
  3 big kobold zombies (Ossuary)
  2 mummies (Ossuary)
  Robin (D:2)
  6 adders
  An ooze (D:2)
  An adder zombie (Ossuary)
  2 dart slugs
  A worm (D:4)
  4 leopard geckos
  12 orcs
  6 giant cockroaches
  8 goblins
  7 hobgoblins
  2 jackals (D:2)
  8 kobolds
  2 quokkas
  A ball python (D:4)
  8 bats
  6 frilled lizards
  2 goblin zombies (Ossuary)
  15 hobgoblin zombies (Ossuary)
  A jackal zombie (Ossuary)
  2 kobold zombies (Ossuary)
  9 orc zombies (Ossuary)
  8 rats
  2 rat zombies (Ossuary)
138 creatures vanquished.

Notes
Turn   | Place    | Note
-------+----------+-------------------------------------------
     0 | D:1      | PurpleRed the Minotaur Fighter began the quest for the Orb.
     0 | D:1      | Reached XP level 1. HP: 19/19 MP: 0/0
    98 | D:1      | Reached skill level 3 in Axes
   156 | D:1      | Reached XP level 2. HP: 26/27 MP: 1/1
   840 | D:2      | Reached XP level 3. HP: 33/33 MP: 2/2
   841 | D:2      | Noticed Ijyb
   846 | D:2      | Noticed Robin
   847 | D:2      | Killed Ijyb
   847 | D:2      | Reached skill level 4 in Axes
   856 | D:2      | Killed Robin
   856 | D:2      | Reached XP level 4. HP: 28/41 MP: 3/3
  1248 | D:2      | Noticed Natasha
  1255 | D:2      | Killed Natasha
  1255 | D:2      | Reached skill level 5 in Axes
  1283 | D:2      | Noticed Natasha
  1288 | D:2      | Killed Natasha
  1288 | D:2      | Reached skill level 5 in Fighting
  1288 | D:2      | Reached XP level 5. HP: 36/48 MP: 4/4
  1323 | D:2      | Noticed Natasha
  1343 | D:2      | HP: 2/48 [Natasha (1)]
  1345 | D:2      | Killed Natasha
  1754 | D:2      | Noticed Sigmund
  1770 | D:2      | Killed Sigmund
  1770 | D:2      | Reached skill level 6 in Axes
  1770 | D:2      | Reached XP level 6. HP: 25/57 MP: 5/5
  2665 | D:4      | Reached skill level 7 in Axes
  2683 | D:4      | Found a deep blue altar of Sif Muna.
  2707 | D:4      | Got a fine pewter amulet
  2940 | D:4      | Found a sand-covered staircase.
  2946 | Ossuary  | Entered an ossuary
  3022 | Ossuary  | Reached XP level 7. HP: 44/63 MP: 6/6
  3078 | Ossuary  | Identified the amulet "Ecoif" {Harm *Drain rPois rC- rN+ Str+5} (You found it on level 4 of the Dungeon)
  3590 | D:5      | Entered Level 5 of the Dungeon
  3692 | D:5      | Reached skill level 8 in Axes
  3826 | D:5      | Reached skill level 5 in Armour
  4299 | D:5      | Found a sacrificial altar of Ru.
  4539 | D:6      | Noticed Eustachio
  4542 | D:6      | Reached XP level 8. HP: 73/73 MP: 7/7
  4553 | D:6      | Reached skill level 9 in Axes
  4570 | D:6      | Killed Eustachio
  4595 | D:6      | Noticed Prince Ribbit
  4609 | D:6      | Mangled by Prince Ribbit

Vault maps used:
D:1:      dpeg_chamrin_arrival_tetris
D:2:      grunt_decor_cap, serial_bayou_pond_c, roderic_roman_lattice,
          uniq_sigmund, uniq_natasha, uniq_iyjb, uniq_robin
D:4:      portal_sewer_entry_d, nicolae_ossuary_entry_plus, lemuel_statue_altar
D:5:      first_bread, hangedman_ru_absence
D:6:      serial_shops, shop, minmay_misc_feat_more_columns,
          hangedman_abyss_or_decor_stabs, uniq_eustachio, uniq_prince_ribbit1,
          uniq_pikel
Ossuary:  ossuary_tomb_1

Skill      XL: |  1  2  3  4  5  6  7  8 |
---------------+-------------------------+-----
Axes           | 3 4 5 6 7 8 9 |  9.4
Fighting       | 4 5 6 7 |  7.6
Armour         | 4 5 |  5.9
Shields        | |  3.6

Action                   |  1- 3 |  4- 6 |  7- 9 || total
-------------------------+-------+-------+-------++-------
Melee: War axe           |    70 |   151 |   121 ||   342
       Headbutt          |     7 |    19 |    21 ||    47
  Use: Scroll            |     2 |     9 |     1 ||    12
       Potion            |       |     4 |       ||     4
  Eat: Chunk             |       |     1 |     4 ||     5
       Royal jelly       |       |     1 |       ||     1
       Pizza             |       |     1 |       ||     1
       Beef jerky        |       |     1 |       ||     1
       Fruit             |       |     1 |     1 ||     2
Armor: Scale mail        |    50 |    39 |       ||    89
       Chain mail        |       |    28 |    60 ||    88
Dodge: Dodged            |    41 |    42 |    29 ||   112
Block: Shield            |    38 |    81 |    56 ||   175
